 Dungeon Crawl Stone Soup version 0.20-a0-947-g2784f4f (webtiles) character file.

483 ChocoNymphy the Bolt Thrower (level 6, -17/46 HPs)
             Began as a Vampire Hunter on Apr 3, 2017.
             Demolished by a mummy (18 damage)
             ... on level 5 of the Dungeon.
             The game lasted 00:26:26 (5830 turns).

ChocoNymphy the Bolt Thrower (Vampire Hunter)       Turns: 5830, Time: 00:26:27

Health: -17/46     AC:  4    Str: 13    XL:     6   Next: 87%
Magic:  6/6        EV: 13    Int: 14    God:
Gold:   203        SH:  4    Dex: 14    Spells: 5/5 levels left

rFire    . . .     SeeInvis +   b - +0 short sword
rCold    + . .     Gourm    .   f - +0 buckler
rNeg     + + .     Faith    .   c - +1 leather armour
rPois    +         Spirit   .   (no helmet)
rElec    .         Reflect  .   (no cloak)
rCorr    .         Harm     .   (no gloves)
MR       .....                  (no boots)
Stlth    +++.......             (no amulet)
Regen    0.1/turn               (no ring)
MPRegen  0.1/turn               (no ring)

@: regenerating slowly
A: fangs 3, see invisible, unbreathing
a: Bat Form


You were on level 5 of the Dungeon.
You were very thirsty.

You visited 1 branch of the dungeon, and saw 6 of its levels.

You collected 203 gold pieces.

Inventory:

Hand Weapons
 a - a +1 hand crossbow
 b - a +0 short sword (weapon)
 e - a +0 flail of crushing
Missiles
 h - 48 bolts
 j - 13 poisoned needles
 n - 23 sling bullets
Armour
 c - a +1 leather armour (worn)
 f - a +0 buckler (worn)
 m - a +0 pair of gloves
Magical Staves
 o - an uncursed staff of air {unknown}
Jewellery
 q - a cursed ring of teleportation {unknown}
Wands
 k - a wand of polymorph (12/24)
 t - a wand of random effects (11/48)
Scrolls
 i - 7 scrolls of remove curse
 p - a scroll of noise
 r - 3 scrolls of immolation {unknown}
Potions
 g - a potion of brilliance {unknown}
 l - 2 potions of curing {unknown}
 s - a potion of berserk rage


   Skills:
 + Level 2.8 Fighting
 + Level 3.1 Short Blades
 + Level 4.2 Crossbows
 + Level 2.4 Armour
 + Level 3.7 Dodging
 + Level 2.7 Stealth
 + Level 1.3 Shields


You had 5 spell levels left.
You didn't know any spells.

Dungeon Overview and Level Annotations

Branches:
Dungeon (6/15)
 Temple: D:4-7

Altars:
Dithmenos
Elyvilon
Hepliaklqana
Kikubaaqudgha
Okawaru
Ru
The Shining One

Portals:
Ossuary: D:5


Innate Abilities, Weirdness & Mutations

You heal slowly.
You have razor-sharp teeth.
You have supernaturally acute eyesight. (SInv)
You can survive without breathing.


Message History

You completely miss the mummy.
The mummy is lightly damaged.
You hit the mummy.
The mummy is moderately damaged.
The mummy hits you!
* * * LOW HITPOINT WARNING * * *
You hit the mummy. You bite the mummy, but do no damage.
The mummy is heavily damaged.
The mummy closely misses you.
You hit the mummy but do no damage. You bite the mummy.
The mummy is heavily damaged.
You hit the mummy.
The mummy is severely damaged.
The mummy barely misses you.
You hit the mummy.
The mummy is severely damaged.
You hit the mummy but do no damage.
The mummy is severely damaged.
The mummy hits you!!
You die...

## .### #. .... .. ..#
. ..# #.#.# . ## #.#.#
# .##..#...######.####
......?@...........
###
##..###M###.###+###
..# #..##∩##...## #.#
#..###.....## #.#
#..#.......# ###.##
#...###'###.... #....#
#.#..##.# .##.
#.#..#########.##..###
#
................##..#


You could see a mummy.

Vanquished Creatures
  The ghost of micr0chasm the Grave Robber, an amateur TeNe (D:4)
  A water moccasin skeleton (D:5)
  2 vampire bats (D:2)
  A hound (D:4)
  An orc priest (D:3)
  2 worker ants (D:4)
  6 adders
  2 leopard geckos
  8 orcs
  7 bats
  5 bat zombies (D:2)
  2 giant cockroaches
  13 goblins
  8 hobgoblins
  4 jackals
  3 kobolds
  2 quokkas
  A ball python (D:4)
  7 frilled lizards
  A hobgoblin zombie (D:5)
  7 rats
84 creatures vanquished.

Notes
Turn   | Place    | Note
-------+----------+-------------------------------------------
     0 | D:1      | ChocoNymphy the Vampire Hunter began the quest for the Orb.
     0 | D:1      | Reached XP level 1. HP: 16/16 MP: 1/1
   326 | D:1      | Reached XP level 2. HP: 22/22 MP: 2/2
  1168 | D:2      | Found a shadowy altar of Dithmenos.
  1292 | D:2      | Reached XP level 3. HP: 27/27 MP: 3/3
  1321 | D:2      | Reached skill level 4 in Crossbows
  1794 | D:2      | Found an iron altar of Okawaru.
  2061 | D:2      | Reached skill level 1 in Armour
  2061 | D:2      | Reached XP level 4. HP: 32/33 MP: 4/4
  2095 | D:2      | Reached skill level 1 in Short Blades
  2095 | D:2      | Reached XP level 5. HP: 34/39 MP: 5/5
  2105 | D:2      | Found an ancient bone altar of Kikubaaqudgha.
  2805 | D:3      | Found a glowing golden altar of the Shining One.
  3204 | D:3      | Found a sacrificial altar of Ru.
  3741 | D:4      | Found a white marble altar of Elyvilon.
  3793 | D:4      | Noticed micr0chasm's ghost (amateur TeNe)
  3811 | D:4      | Killed micr0chasm's ghost
  3811 | D:4      | Reached skill level 1 in Shields
  3811 | D:4      | Reached XP level 6. HP: 9/46 MP: 6/6
  5547 | D:5      | Entered Level 5 of the Dungeon
  5552 | D:5      | Found a hazy altar of Hepliaklqana.
  5761 | D:6      | Noticed a deep elf mage
  5821 | D:5      | Found a sand-covered staircase.
  5825 | D:5      | HP: 1/46 [mummy (14)]
  5830 | D:5      | Demolished by a mummy

Vault maps used:
D:1:      saegor_arrival_simple_f, serial_bayou_pond_c
D:2:      nicolae_dithmenos_shadow_blocks, kennysheep_vampire_church,
          first_bread, kennysheep_okawaru_gauntlet
D:3:      lemuel_crystal_altar, lemuel_doored_altar
D:4:      lemuel_round_altar, patterned_corridor
D:5:      fedhas_bush_and_centaur_altar, overflow_temple_1_default,
          nicolae_ossuary_entry_giza
D:6:      minmay_temple_entry_junction, serial_shops, shop_statue,
          guppyfry_early_elven_hall, uniq_sigmund

Skill      XL: |  1  2  3  4  5  6 |
---------------+-------------------+-----
Fighting       | 2 |  2.8
Crossbows      | 4 |  4.2
Armour         | 1 2 |  2.4
Short Blades   | 1 2 3 |  3.1
Stealth        | 2 |  2.7
Dodging        | 3 |  3.7
Shields        | 1 |  1.3

Action                   |  1- 3 |  4- 6 || total
-------------------------+-------+-------++-------
Melee: Short sword       |    23 |   329 ||   352
       Bite              |     3 |    25 ||    28
 Fire: Hand crossbow     |    92 |       ||    92
  Use: Scroll            |     7 |       ||     7
       Potion            |       |     3 ||     3
 Stab: Sleeping          |       |     3 ||     3
  Eat: Corpse            |    12 |     5 ||    17
Armor: Leather armour    |    51 |    70 ||   121
Dodge: Dodged            |    64 |   165 ||   229
Block: Buckler           |     9 |    55 ||    64
